 Dungeon Sprint DCSS version 0.18.1-48-g4cf74bf (webtiles) character file.

2600000 Groucho the Axe Maniac (level 20, -49/216 HPs)
             Began as a Demonspawn Gladiator on June 30, 2016.
             Was the Champion of Makhleb.
             Annihilated by a meat berserker
             ... wielding a +9 battleaxe
              (77 damage)
             ... in the Dungeon (Sprint VIII: "Arena of Blood").
             The game lasted 00:01:53 (26 turns).

Groucho the Axe Maniac (Demonspawn Gladiator)         Turns: 26, Time: 00:01:54

Health: -49/216    AC:  8    Str: 22    XL:     20   Next: 33%
Magic:  20/20      EV: 39    Int:  9    God:    Makhleb [******]
Gold:   0          SH:  0    Dex: 28    Spells: 0 memorised, 19 levels left

rFire  . . .     SeeInvis .     l - +∞ Axe of Woe
rCold  + . .     Gourm    .     b - +0 leather armour
rNeg   . . .     Faith    .     (shield currently unavailable)
rPois  .         Spirit   .     c - +0 helmet
rElec  .         Dismiss  .     (no cloak)
rCorr  .         Reflect  .     (no gloves)
SustAt .         Harm     .     (no boots)
MR     +....     NoTele   +     (no amulet)
Stlth  ++++++++++               (no ring)
                                (no ring)

@: mighty, somewhat resistant to hostile enchantments, uncannily stealthy
A: hooves 2, thin skeletal structure 3, cold resistance 1, powered by pain 2,
robust 1
a: Minor Destruction, Lesser Servant of Makhleb, Major Destruction, Greater
Servant of Makhleb, Renounce Religion


You were in the Dungeon.
You worshipped Makhleb.
Makhleb was exalted by your worship.
You were not hungry.

You visited 1 branch

Inventory:

Hand Weapons
 a - a +0 war axe
 l - the +∞ Axe of Woe (weapon)
   (You found it in the Dungeon)
Missiles
 d - 3 throwing nets (quivered)
Armour
 b - a +0 leather armour (worn)
 c - a +0 helmet (worn)
Scrolls
 k - a scroll of blinking
Potions
 e - a potion of curing
 g - a potion of heal wounds
 h - a potion of haste
 i - 2 potions of magic
 j - a potion of berserk rage
Comestibles
 f - a bread ration


   Skills:
 O Level 27 Fighting
 O Level 27 Axes
 - Level 12.2 Throwing
 + Level 25.5 Armour
 O Level 27 Dodging
 + Level 26.4 Stealth
 O Level 27 Unarmed Combat


You had 19 spell levels left.
You didn't know any spells.

Dungeon Overview and Level Annotations

Branches:
Dungeon (1/1)

Altars:
Makhleb


Innate Abilities, Weirdness & Mutations

You have hoof-like feet.
You have an unnaturally thin skeletal structure (Dex +6, Stealth++).
Your flesh is cold resistant.
You sometimes gain power by taking damage.
You are robust (+10% HP).


Message History

You kill the bag of meat!
Makhleb accepts your kill.
Your Armour skill increases to level 25!
Your Stealth skill increases to level 26!
You hear a shout! x4
The destroyer blinks!
You hear a shout! x7
Unknown command.
An orc and a vampire knight come into view.
You hear a shout! x8
The destroyer hits you with a +9 great sword of slicing!!!!!
Ouch! That really hurt!
* * * LOW HITPOINT WARNING * * *
You focus on the pain.
You feel very mighty all of a sudden.
* * * LOW HITPOINT WARNING * * *
The destroyer shouts!
The destroyer misses you.
The meat berserker hits you with a +9 battleaxe!!!!
You die...

#.. ...# #..
...# . .###..
...###..
......###......
......_.....
#....)# .
#_.<)_# ...
...#..)))#.V...
......)_@O......
.O....###V....§.
.###.. ...###o.
#.. ...# O #.
...# .. ..... ..
...o ....


You could see 2 destroyers, 2 meat berserkers and 2 bags of meat.

Vanquished Creatures
  7 ogres (D)
  13 orcs (D)
20 creatures vanquished.

Notes
Turn   | Place    | Note
--------------------------------------------------------------
     0 | D        | Groucho the Demonspawn Gladiator began the quest for the Orb.
     0 | D        | Reached XP level 1. HP: 16/16 MP: 1/1
     3 | D        | Noticed a bag of meat
     4 | D        | Noticed a bag of meat
     4 | D        | Noticed a bag of meat
     4 | D        | Became a worshipper of Makhleb the Destroyer
     6 | D        | Noticed a bag of meat
     7 | D        | Noticed a meat berserker
     7 | D        | Noticed a meat berserker
     8 | D        | Noticed a bag of meat
     9 | D        | Noticed a bag of meat
     9 | D        | Noticed a meat berserker
     9 | D        | Killed a bag of meat
     9 | D        | Reached skill level 10 in Fighting
     9 | D        | Gained mutation: You have a somewhat thin skeletal structure (Dex +2, Stealth). [demonic ancestry]
     9 | D        | Reached XP level 2. HP: 36/36 MP: 2/2
     9 | D        | Gained mutation: You have a moderately thin skeletal structure (Dex +4, Stealth+). [demonic ancestry]
     9 | D        | Reached XP level 3. HP: 42/42 MP: 3/3
     9 | D        | Reached XP level 4. HP: 49/49 MP: 4/4
     9 | D        | Reached XP level 5. HP: 54/54 MP: 5/5
     9 | D        | Reached XP level 6. HP: 61/61 MP: 6/6
     9 | D        | Gained mutation: You sometimes gain a little power by taking damage. [demonic ancestry]
     9 | D        | Reached XP level 7. HP: 67/67 MP: 7/7
     9 | D        | Gained mutation: You have an unnaturally thin skeletal structure (Dex +6, Stealth++). [demonic ancestry]
     9 | D        | Reached XP level 8. HP: 74/74 MP: 8/8
     9 | D        | Reached XP level 9. HP: 79/79 MP: 9/9
     9 | D        | Gained mutation: You have large cloven feet. [demonic ancestry]
     9 | D        | Reached XP level 10. HP: 86/86 MP: 10/10
     9 | D        | Reached XP level 11. HP: 92/92 MP: 11/11
    10 | D        | Killed a bag of meat
    10 | D        | Reached * piety under Makhleb
    10 | D        | Reached skill level 10 in Throwing
    10 | D        | Reached skill level 1 in Armour
    10 | D        | Reached XP level 12. HP: 76/103 MP: 12/12
    10 | D        | Killed a meat berserker
    10 | D        | Gained mutation: You have hoof-like feet. [demonic ancestry]
    10 | D        | Reached XP level 13. HP: 85/114 MP: 13/13
    10 | D        | Gained mutation: Your flesh is cold resistant. [demonic ancestry]
    10 | D        | Reached XP level 14. HP: 90/121 MP: 14/14
    11 | D        | Noticed a bag of meat
    11 | D        | Killed a bag of meat
    11 | D        | Reached ** piety under Makhleb
    11 | D        | Reached skill level 15 in Fighting
    11 | D        | Killed a bag of meat
    11 | D        | Reached XP level 15. HP: 133/133 MP: 15/15
    11 | D        | Killed a meat berserker
    11 | D        | Reached *** piety under Makhleb
    12 | D        | Killed a meat berserker
    12 | D        | Reached skill level 27 in Axes
    12 | D        | Reached skill level 27 in Dodging
    12 | D        | Reached XP level 16. HP: 150/150 MP: 16/16
    13 | D        | Noticed a meat berserker
    13 | D        | Noticed a meat berserker
    15 | D        | Killed a meat berserker
    15 | D        | Reached **** piety under Makhleb
    15 | D        | Gained mutation: You sometimes gain power by taking damage. [demonic ancestry]
    15 | D        | Reached XP level 17. HP: 171/171 MP: 17/17
    15 | D        | Reached skill level 27 in Fighting
    17 | D        | Noticed a meat berserker
    18 | D        | Killed a meat berserker
    18 | D        | Reached skill level 10 in Stealth
    18 | D        | Reached skill level 15 in Unarmed Combat
    19 | D        | Noticed a meat berserker
    20 | D        | Killed a meat berserker
    20 | D        | Reached ***** piety under Makhleb
    20 | D        | Reached skill level 15 in Armour
    20 | D        | Reached XP level 18. HP: 132/182 MP: 18/18
    20 | D        | Killed a meat berserker
    20 | D        | Gained mutation: You are robust (+10% HP). [demonic ancestry]
    20 | D        | Reached XP level 19. HP: 132/207 MP: 19/19
    21 | D        | Noticed a meat berserker
    24 | D        | Reached ****** piety under Makhleb
    24 | D        | Reached skill level 27 in Unarmed Combat
    25 | D        | Noticed a destroyer
    25 | D        | Reached XP level 20. HP: 216/216 MP: 20/20
    26 | D        | Noticed a destroyer
    26 | D        | Annihilated by a meat berserker

Skill      XL: |  1  2  3  4  5  6  7  8  9 10 11 12 13 14 15 16 17 18 19 20 |
---------------+-------------------------------------------------------------+-----
Fighting       | 10 12 14 16 20 26 27 | 27.0
Axes           | 16 18 21 23 27 | 27.0
Throwing       | 9 10 12 | 12.2
Dodging        | 16 18 21 23 27 | 27.0
Armour         | 1 2 15 18 24 25 | 25.5
Unarmed Combat | 19 23 27 | 27.0
Stealth        | 14 18 25 26 | 26.4

Action                   |  1- 3 |  4- 6 |  7- 9 | 10-12 | 13-15 | 16-18 | 19-21 || total
-------------------------+-------+-------+-------+-------+-------+-------+-------++-------
Melee: Executioner's axe |     1 |       |       |     1 |     2 |     3 |     4 ||    11
Dodge: Dodged            |       |       |       |       |     1 |       |     2 ||     3
